 Dungeon Crawl Stone Soup version 0.31-a0-986-g5e6e4ef867 (webtiles) character file.

Game seed: 8175904418914831841

477 Persephone the Chopper (level 7, -8/41 HPs)
             Began as a Gargoyle Fighter on Nov 10, 2023.
             Mangled by a gnoll sergeant
             ... wielding a +7 trident of freezing
              (17 damage)
             ... on level 4 of the Dungeon.
             The game lasted 00:03:31 (3163 turns).

Persephone the Chopper (Gargoyle Fighter)           Turns: 3163, Time: 00:03:32

Health: -8/41      AC: 11    Str: 21    XL:     7   Next: 11%
Magic:  7/7        EV: 14    Int:  9    God:
Gold:   169        SH:  4    Dex:  9    Spells: 6/6 levels left

rFire   . . .        a - +0 war axe
rCold   . . .        c - +0 buckler
rNeg    + . .        b - +0 scale mail
rPois   ∞            (no helmet)
rElec   +            (no cloak)
rCorr   .            (no gloves)
SInv    .            (no boots)
Will    .....        q - amulet of regeneration Stlth
                     i - +5 ring of evasion
HPRegen 1.06/turn    (no ring)
MPRegen 0.10/turn

%: no passive effects
@: no status effects
A: sickness immunity, AC +4, negative energy resistance 1, electricity
resistance, torment resistance 1, petrification resistance
a: no special abilities


You were on level 4 of the Dungeon.
You visited 1 branch of the dungeon, and saw 4 of its levels.

You collected 169 gold pieces.

Inventory:

Hand Weapons
 a - a +0 war axe (weapon)
Missiles
 n - 8 boomerangs
Armour
 b - a +0 scale mail (worn)
 c - a +0 buckler (worn)
 s - a +2 tower shield
Jewellery
 i - a +5 ring of evasion (left hand)
 q - an amulet of regeneration (around neck)
Scrolls
 f - 2 scrolls of identify {unknown}
 g - a scroll of fear {unknown}
 h - a scroll of amnesia {unknown}
 m - 2 scrolls of teleportation {unknown}
 r - a scroll of enchant weapon {unknown}
 t - a scroll of poison {unknown}
Potions
 d - a potion of might
 e - 2 potions of curing {unknown}
 j - a potion of degeneration {unknown}
 k - a potion of lignification {unknown}
 l - a potion of ambrosia {unknown}
 o - a potion of invisibility {unknown}
 p - a potion of mutation {unknown}


   Skills:
 - Level 3.2 Fighting
 + Level 6.8 Axes
 - Level 3.2 Armour
 + Level 3.2 Shields


You had 6 spell levels left.
You didn't know any spells.
Your spell library contained the following spells:

 Spells                   Type           Power      Damage    Failure   Level
 Lesser Beckoning         Tloc           0%         N/A       90%         2
 Dazzling Flash           Conj/Hex       0%         N/A       99%         3
 Gell's Gravitas          Tloc           0%         N/A       99%         3
 Teleport Other           Tloc           0%         N/A       99%         3
 Volatile Blastmotes      Fire/Tloc      0%         2d10      99%         3
 Starburst                Conj/Fire      0%         6d3       100%        6
 Maxwell's Capacitive Co  Air            0%         ∞         100%        8


Dungeon Overview and Level Annotations

Branches:
Dungeon (4/15)
 Temple: D:4-7

Altars:
Qazlal


Innate Abilities, Weirdness & Mutations

You are immune to sickness and miasma.
Your stone body is resilient. (AC +4)
You are immune to poison.
You resist negative energy. (rN+)
You are resistant to electric shocks. (rElec)
You are resistant to unholy torment.
You are immune to petrification.


Message History

The iguana is moderately wounded.
The iguana bites you.
You closely miss the iguana.
The iguana is moderately wounded.
The iguana bites you!
You slash the iguana!
You kill the iguana!
You see here an iguana corpse.
There is an open door here.
There is an open door here.
There is an open door here.
You see here a +2 tower shield.
s - a +2 tower shield
There is an open door here.
There is an open door here.
There is an open door here.
You see here an iguana corpse.
You see here an orb of guile.
t - a scroll labelled LYNGYXZISY You open the door.
Auto kill stopped - Too dangerous: Extremely Dangerous (0) Dangerous (1) Easy (1) Harmless (0)
A gnoll sergeant and a worm come into view.
The gnoll sergeant is wielding a +7 trident of freezing.
The gnoll sergeant shouts!
You block the gnoll sergeant's attack.
There is an open door here.
The gnoll sergeant hits you with a +7 trident of freezing!
The gnoll sergeant freezes you.
You hit the gnoll sergeant.
The gnoll sergeant is lightly wounded.
You completely miss the worm.
The gnoll sergeant hits you with a +7 trident of freezing!
The gnoll sergeant freezes you. The worm bites you!
* * * LOW HITPOINT WARNING * * *
The gnoll sergeant closely misses you.
You barely miss the gnoll sergeant.
The gnoll sergeant is lightly wounded.
You slash the worm! You block the worm's attack.
The gnoll sergeant hits you with a +7 trident of freezing!
You die...

#...)'....#
#....##.†##
####..###'#+ #.
##.†#'##...## .
#[.†.##.....## #.#
#....#.......##+##..
##..##...8.."##..##.
##'##|.....[#....#.
#@.##.....##...)'.
#.gw.##.).##'#..##.
#....+#'###..####..
##..##..##..).# #..
####....'....# #..
######....##..## ##.
#...###..###### #.
#...# #### #.
############...####
#.


You could see a gnoll sergeant and a worm.

Vanquished Creatures
  A black bear (D:4)
  An ogre (D:4)
  A phantom (D:3)
  A scorpion (D:3)
  An iguana (D:4)
  A gnoll (D:1)
  4 adders (D:3)
  3 worms
  2 dart slugs
  10 orcs
  4 bats
  8 endoplasms
  2 giant cockroaches (D:1)
  5 goblins
  7 hobgoblins
  2 jackals (D:1)
  5 quokkas
  8 ball pythons
  3 frilled lizards
  7 kobolds
  2 rats
78 creatures vanquished.

Notes
Turn   | Place    | Note
-------+----------+-------------------------------------------
     0 | D:1      | Persephone the Gargoyle Fighter began the quest for the
                  | Orb.
     0 | D:1      | Reached XP level 1. HP: 14/14 MP: 1/1
    58 | D:1      | Reached skill level 2 in Axes
   127 | D:1      | Reached XP level 2. HP: 14/19 MP: 2/2
   245 | D:1      | Reached skill level 3 in Axes
   267 | D:1      | Reached XP level 3. HP: 23/23 MP: 3/3
  1058 | D:2      | Found a stormy altar of Qazlal.
  1660 | D:3      | Reached XP level 4. HP: 28/28 MP: 4/4
  1660 | D:3      | Noticed a scorpion
  1672 | D:3      | Killed a scorpion
  1673 | D:3      | Reached skill level 4 in Axes
  1673 | D:3      | Reached XP level 5. HP: 21/32 MP: 5/5
  1750 | D:3      | Noticed a phantom
  1775 | D:3      | Killed a phantom
  1776 | D:3      | Reached skill level 5 in Axes
  1946 | D:3      | Reached XP level 6. HP: 22/37 MP: 6/6
  2812 | D:4      | Noticed a black bear
  2821 | D:4      | Killed a black bear
  2822 | D:4      | Reached skill level 6 in Axes
  3061 | D:4      | Reached XP level 7. HP: 28/41 MP: 7/7
  3163 | D:4      | Mangled by a gnoll sergeant

Illustrated notes

Levels and vault maps discovered:
D:1:      heliophobic_arrival_battle_scene, layout_loops_ring, nrook_uturn
D:2:      layout_basic, serial_corexii_hall, chequers_hall_statues_wall_a,
          corexii_hall_statues_i, basic_altar, st_stairs_7
D:3:      layout_basic, chequers_serial_rivers_marsh
D:4:      minmay_bubble_buster, layout_basic, minmay_temple_entry_wispy,
          ebering_ghost_gozag, hangedman_minor_gate_pass

Skill      XL: |  1  2  3  4  5  6 |
---------------+-------------------+-----
Axes           | 2 3 4 5 6 |  6.8
Fighting       | |  3.2
Armour         | |  3.2
Shields        | |  3.2

Action                     |  1- 3 |  4- 6 |  7- 9 || total
---------------------------+-------+-------+-------++-------
  Melee: War axe           |   104 |   134 |    18 ||   256
 Armour: Scale mail        |    61 |    85 |    12 ||   158
  Dodge: Dodged            |    57 |   110 |    10 ||   177
  Block: Buckler           |    11 |    24 |     5 ||    40

Table legend: (Time is in decaauts)
 A = Elapsed time spent in this place.
 B = Non-inter-level travel time spent in this place.
 C = Inter-level travel time spent in this place.
 D = Time resting spent in this place.
 E = Time spent auto-exploring this place.
 F = Levels seen in this place.
 G = Mean time per level.
                   A        B        C        D        E       F      G
               +--------+--------+--------+--------+--------+-----+--------+
         Total |   3242 |   3064 |    178 |      0 |   2504 |   4 |  810.5 |
       Dungeon |   3242 |   3064 |    178 |      0 |   2504 |   4 |  810.5 |
               +--------+--------+--------+--------+--------+-----+--------+

Top non-repeatable levels by time:
     D:3: 1154 daAuts
     D:1: 828 daAuts
     D:2: 818 daAuts
     D:4: 439 daAuts
